Maple Leafs vs Canadiens
(R1)
Created - November 3, 2024 at 20:37
Goals
|
| Maple Leafs |
2 |
0 |
0 |
2 |
| Canadiens |
2 |
0 |
1 |
3 |
|
Shots
|
| Maple Leafs |
7 |
9 |
12 |
28 |
| Canadiens |
9 |
10 |
10 |
29 |
|
1st period
1. Canadiens , David Pastrnak 4 (Colin Wilson 1) at 5:47 (PP)
2. Canadiens , Derick Brassard 1 (Matthew Tkachuk 2, Anze Kopitar 3) at 11:25
3. Maple Leafs , Bo Horvat 3 (John Klingberg 3, Kristers Gudlevskis) at 15:25
4. Maple Leafs , Luke Schenn 1 (Jon Merrill 2) at 18:10
Penalties :
Nicholas Baptiste (TOR) for Delaying the game (Minor) at 1:11, Zach Werenski (TOR) for Interference (Minor) at 5:33, Andre Burakovsky (TOR) for Cross-checking (Minor) at 6:11, Jon Merrill (TOR) for Hooking (Minor) at 11:48
2nd period
No Goal
Penalties :
Brandon Saad (TOR) for Tripping (Minor) at 1:17, Luke Schenn (TOR) for Cross-checking (Minor) at 9:04, Sam Bennett (TOR) for Slashing (Minor) at 10:30, Chris Kreider (Mtl) for Holding (Minor) at 15:07
3rd period
5. Canadiens , Anthony Cirelli 5 (Brady Skjei 5, Chris Kreider 7) at 5:16
Penalties :
Chris Kreider (Mtl) for High sticking (Minor) at 2:00, Elias Pettersson (TOR) for High sticking (Minor) at 5:51, Luke Schenn (TOR) for Roughing (Minor) at 13:46
Goalie Stats
Kristers Gudlevskis (TOR), 26 saves from 29 shots - (0.897), L, 3-1-1, 59:23 minutes
Ondrej Pavelec (Mtl), 26 saves from 28 shots - (0.929), W, 3-1-1, 60:00 minutes
Players Stats for Maple Leafs
Player Name G A P +/- PIM S H SB GA TA FO MP PP MP PK MP
------------------------------------------------------------------------------------
Andre Burakovsky 0 0 0 1 2 3 1 1 0 1 2/3 17:12 2:05 0:00
Ben Smith 0 0 0 0 0 0 1 1 1 2 0/0 21:14 1:53 8:11
Bo Horvat 1 0 1 1 0 2 1 1 0 0 10/22 19:14 2:05 1:39
Brandon Saad 0 0 0 0 2 1 2 1 0 0 0/0 5:52 0:00 0:43
Brendan Guhle 0 0 0 0 0 1 0 2 0 0 0/0 16:17 0:00 6:41
Elias Pettersson 0 0 0 0 2 2 0 1 1 0 4/9 13:04 1:53 0:00
Evander Kane 0 0 0 1 0 6 3 0 0 0 2/3 23:42 2:05 6:25
Haydn Fleury 0 0 0 0 0 0 2 0 0 1 0/0 20:07 0:23 9:32
Jason Zucker 0 0 0 0 0 1 2 1 0 0 0/0 13:04 1:53 0:02
John Klingberg 0 1 1 2 0 1 1 2 1 1 0/0 19:22 2:25 2:40
Jon Merrill 0 1 1 -2 2 1 2 3 1 0 0/0 26:17 1:33 7:51
Luke Schenn 1 0 1 2 4 1 3 0 0 0 0/0 19:56 1:33 4:47
Nicholas Baptiste 0 0 0 0 2 1 0 0 0 0 0/0 4:46 0:00 0:00
Patrice Cormier 0 0 0 0 0 0 0 0 0 0 8/13 13:34 0:00 8:13
Pontus Aberg 0 0 0 -1 0 4 0 0 0 0 0/0 8:45 0:00 0:00
Sam Bennett 0 0 0 -1 2 1 1 1 0 0 2/5 14:05 0:00 4:54
Tyler Benson 0 0 0 -1 0 1 1 1 0 0 0/0 8:45 0:00 0:00
Zach Werenski 0 0 0 -2 2 2 3 0 0 0 0/0 18:29 2:02 0:00
Players Stats for Canadiens
Player Name G A P +/- PIM S H SB GA TA FO MP PP MP PK MP
------------------------------------------------------------------------------------
Anthony Cirelli 1 0 1 1 0 2 1 1 0 0 1/2 20:59 6:53 1:01
Anze Kopitar 0 1 1 1 0 0 0 1 0 0 4/9 13:11 0:02 2:07
Brady Skjei 0 1 1 0 0 5 1 3 0 1 0/0 28:23 8:52 1:33
Chris Kreider 0 1 1 1 4 4 2 1 1 0 1/3 22:01 8:38 0:00
Colin Wilson 0 1 1 0 0 2 0 1 0 1 13/26 20:02 8:38 0:00
David Pastrnak 1 0 1 0 0 3 2 1 0 0 0/0 20:01 8:38 0:00
Derick Brassard 1 0 1 2 0 1 0 0 1 0 3/3 12:05 0:03 1:01
Filip Hronek 0 0 0 -1 0 1 1 3 2 0 0/0 23:31 6:08 0:00
Jacob De La Rose 0 0 0 -2 0 0 0 0 0 0 2/4 9:02 0:00 2:07
Jeff Schultz 0 0 0 -1 0 1 0 1 0 0 0/0 12:24 0:00 2:25
John Tavares 0 0 0 0 0 2 1 1 1 0 3/6 17:24 6:53 0:00
Josh Anderson 0 0 0 -2 0 0 1 0 0 0 0/0 8:46 0:02 0:50
Matthew Tkachuk 0 1 1 1 0 1 0 0 0 0 0/0 15:19 6:26 0:00
Michael Matheson 0 0 0 2 0 0 0 0 0 0 0/0 14:46 0:33 1:33
Nicolas Hague 0 0 0 1 0 0 0 2 0 0 0/0 15:15 0:00 2:25
Quinn Hughes 0 0 0 -1 0 4 0 0 0 1 0/0 17:46 9:07 0:00
William Nylander 0 0 0 0 0 1 0 1 0 0 0/1 17:20 6:52 0:00
Zac Rinaldo 0 0 0 -2 0 2 1 0 0 1 0/1 7:45 0:00 0:50
3 Stars
1 - Derick Brassard (Mtl)
2 - Anthony Cirelli (Mtl)
3 - David Pastrnak (Mtl)
Power Play
Maple Leafs - 0 on 2 Attempt(s) - 0.00%
Canadiens - 1 on 9 Attempt(s) - 11.11%
Penalty Kill
Maple Leafs - 8 on 9 Attempt(s) - 88.89%
- Score 0 goal in Penalty Kill
Canadiens - 2 on 2 Attempt(s) - 100.00%
- Score 0 goal in Penalty Kill
Team Stat
Maple Leafs - Hits : 23 - Faceoff Wins : 28 - Blocked Shots : 15 - Penalty Minutes : 18
Canadiens - Hits : 10 - Faceoff Wins : 27 - Blocked Shots : 16 - Penalty Minutes : 4
Official
Referees : Garrett Rank and Tom Chmielewski
Linesman : James Tobias and David Brisebois
Game Notes
No Game Note
Finance
Level 1 -- Attendance: 5954 (99.23%) -- Ticket Income $595,400
Level 2 -- Attendance: 5000 (100.00%) -- Ticket Income $350,000
Level 3 -- Attendance: 2000 (100.00%) -- Ticket Income $80,000
Level 4 -- Attendance: 4000 (100.00%) -- Ticket Income $120,000
Luxury Box -- Attendance: 1000 (100.00%) -- Ticket Income $200,000
Game was played at the Centre Bell.
Total Attendance: 17954 (99.74%)
Total Ticket Income: $1,345,400
Other Income: $201,810
Total Income: $1,547,210
Maple Leafs
5 vs 5 Forward
Center Left Wing Right Wing Time % Phy DF OF
1 Bo Horvat Evander Kane Andre Burakovsky 40 1 2 2
2 Elias Pettersson Jason Zucker Ben Smith 30 1 2 2
3 Sam Bennett Tyler Benson Pontus Aberg 20 1 2 2
4 Patrice Cormier Brandon Saad Nicholas Baptiste 10 1 2 2
5 vs 5 Defense
Defense Defense Time % Phy DF OF
1 Zach Werenski Jon Merrill 40 1 2 2
2 John Klingberg Luke Schenn 30 1 2 2
3 Haydn Fleury Brendan Guhle 20 1 2 2
4 Zach Werenski Jon Merrill 10 1 2 2
PowerPlay Forward
Center Left Wing Right Wing Time % Phy DF OF
1 Bo Horvat Evander Kane Andre Burakovsky 60 1 2 2
2 Elias Pettersson Jason Zucker Ben Smith 40 1 2 2
PowerPlay Defense
Defense Defense Time % Phy DF OF
1 Zach Werenski John Klingberg 60 1 2 2
2 Jon Merrill Luke Schenn 40 1 2 2
Penalty Kill 4 Players Forward
Center Wing Time % Phy DF OF
1 Patrice Cormier Ben Smith 60 1 2 2
2 Sam Bennett Evander Kane 40 1 2 2
Penalty Kill 4 Players Defense
Defense Defense Time % Phy DF OF
1 Haydn Fleury Jon Merrill 60 1 2 2
2 Brendan Guhle Luke Schenn 40 1 2 2
Penalty Kill - 3 Players Forward
Forward Time % Phy DF OF
1 Evander Kane 60 1 2 2
2 Bo Horvat 40 1 2 2
Penalty Kill - 3 Players Defense
Defense Defense Time % Phy DF OF
1 Haydn Fleury Jon Merrill 60 1 2 2
2 Brendan Guhle Luke Schenn 40 1 2 2
4 vs 4 Forward
Center Wing Time % Phy DF OF
1 Bo Horvat Evander Kane 60 1 2 2
2 Elias Pettersson Andre Burakovsky 40 1 2 2
4 vs 4 Defense
Defense Defense Time % Phy DF OF
1 Zach Werenski Jon Merrill 60 1 2 2
2 John Klingberg Luke Schenn 40 1 2 2
Last Minutes Offensive
Center Left Wing Right Wing Defense Defense
Bo Horvat Evander Kane Andre Burakovsky Zach Werenski John Klingberg
Last Minutes Defensive
Center Left Wing Right Wing Defense Defense
Patrice Cormier Evander Kane Ben Smith Jon Merrill Haydn Fleury
Goaltenders
Starting : Kristers Gudlevskis
Backup : Carter Hutton
Extra Forwards
Normal : Elias Pettersson, Sam Bennett, Evander Kane - PP : Sam Bennett, Jason Zucker - PK : Bo Horvat
Extra Defensemen
Normal : Haydn Fleury, Zach Werenski, John Klingberg - PP : Haydn Fleury - PK : Brendan Guhle, John Klingberg
Penalty Shots
Evander Kane, Elias Pettersson, Andre Burakovsky, Bo Horvat, Jason Zucker
Custom OT Lines Forwards
Evander Kane, Bo Horvat, Andre Burakovsky, Ben Smith, Jason Zucker, Sam Bennett, Brandon Saad, Elias Pettersson, Tyler Benson, Pontus Aberg
Custom OT Lines Defensemen
Zach Werenski, Jon Merrill, John Klingberg, Luke Schenn, Haydn Fleury
Scratches
Valentin Zykov (Chest/Ribs Injury)
Canadiens
5 vs 5 Forward
Center Left Wing Right Wing Time % Phy DF OF
1 Colin Wilson Chris Kreider David Pastrnak 35 1 2 2
2 John Tavares Anthony Cirelli William Nylander 30 1 2 2
3 Anze Kopitar Derick Brassard Matthew Tkachuk 30 1 2 2
4 Jacob De La Rose Zac Rinaldo Josh Anderson 5 1 2 2
5 vs 5 Defense
Defense Defense Time % Phy DF OF
1 Brady Skjei Filip Hronek 40 1 2 2
2 Jeff Schultz Quinn Hughes 30 1 2 2
3 Michael Matheson Nicolas Hague 30 1 2 2
4 Brady Skjei Jeff Schultz 0 1 2 2
PowerPlay Forward
Center Left Wing Right Wing Time % Phy DF OF
1 Colin Wilson Chris Kreider David Pastrnak 60 1 2 2
2 John Tavares Anthony Cirelli William Nylander 40 1 2 2
PowerPlay Defense
Defense Defense Time % Phy DF OF
1 Brady Skjei Quinn Hughes 60 1 2 2
2 Matthew Tkachuk Filip Hronek 40 1 2 2
Penalty Kill 4 Players Forward
Center Wing Time % Phy DF OF
1 Anze Kopitar Jacob De La Rose 60 1 2 2
2 Zac Rinaldo Josh Anderson 40 1 2 2
Penalty Kill 4 Players Defense
Defense Defense Time % Phy DF OF
1 Jeff Schultz Nicolas Hague 60 1 2 2
2 Brady Skjei Michael Matheson 40 1 2 2
Penalty Kill - 3 Players Forward
Forward Time % Phy DF OF
1 John Tavares 60 1 2 2
2 Anze Kopitar 40 1 2 2
Penalty Kill - 3 Players Defense
Defense Defense Time % Phy DF OF
1 Nicolas Hague Jeff Schultz 60 1 2 2
2 Michael Matheson Brady Skjei 40 1 2 2
4 vs 4 Forward
Center Wing Time % Phy DF OF
1 John Tavares David Pastrnak 60 1 2 2
2 Anze Kopitar Chris Kreider 40 1 2 2
4 vs 4 Defense
Defense Defense Time % Phy DF OF
1 Brady Skjei Jeff Schultz 60 1 2 2
2 Michael Matheson Quinn Hughes 40 1 2 2
Last Minutes Offensive
Center Left Wing Right Wing Defense Defense
John Tavares Chris Kreider David Pastrnak Brady Skjei Quinn Hughes
Last Minutes Defensive
Center Left Wing Right Wing Defense Defense
Anze Kopitar Chris Kreider Anthony Cirelli Nicolas Hague Jeff Schultz
Goaltenders
Starting : Ondrej Pavelec
Backup : Igor Shesterkin
Extra Forwards
Normal : Anze Kopitar, Colin Wilson, John Tavares - PP : Derick Brassard, Anze Kopitar - PK : Anthony Cirelli
Extra Defensemen
Normal : Brady Skjei, Jeff Schultz, Michael Matheson - PP : Michael Matheson - PK : Filip Hronek, Quinn Hughes
Penalty Shots
John Tavares, Chris Kreider, David Pastrnak, Derick Brassard, Anze Kopitar
Custom OT Lines Forwards
John Tavares, Chris Kreider, David Pastrnak, Derick Brassard, Anze Kopitar, Colin Wilson, William Nylander, Matthew Tkachuk, Anthony Cirelli, Jacob De La Rose
Custom OT Lines Defensemen
Brady Skjei, Jeff Schultz, Michael Matheson, Quinn Hughes, Filip Hronek
Scratches
Auston Matthews (Strained Groin Injury)
% Time on Ice - Maple Leafs
Lines # - Real PCT - Wanted PCT - Time Play
Normal Forward
1 - 38% - 40% - 14:52
2 - 28% - 30% - 10:53
3 - 22% - 20% - 8:45
4 - 12% - 10% - 4:45
Normal Defense
1 - 43% - 40% - 16:56
2 - 36% - 30% - 14:07
3 - 21% - 20% - 8:12
4 - 0% - 10% - 0:00
PP Forward
1 - 53% - 60% - 2:05
2 - 47% - 40% - 1:53
PP Defense
1 - 61% - 60% - 2:25
2 - 39% - 40% - 1:33
PK Forward
1 - 65% - 60% - 9:45
2 - 35% - 40% - 5:15
PK Defense
1 - 64% - 60% - 9:32
2 - 36% - 40% - 5:28
PK3 Forward
1 - 100% - 60% - 0:33
2 - 0% - 40% - 0:00
PK3 Defense
1 - 45% - 60% - 0:15
2 - 55% - 40% - 0:18
44 Forward
1 - 0% - 60%
2 - 0% - 40%
44 Defense
1 - 0% - 60%
2 - 0% - 40%
Last Minute Offensive - 1:14
Last Minute Defensive - 0:00
Total
Forward - 60:00
Defense - 60:00
|
% Time on Ice - Canadiens
Lines # - Real PCT - Wanted PCT - Time Play
Normal Forward
1 - 32% - 35% - 12:36
2 - 27% - 30% - 10:31
3 - 23% - 30% - 9:13
4 - 18% - 5% - 6:55
Normal Defense
1 - 40% - 40% - 15:42
2 - 30% - 30% - 11:38
3 - 30% - 30% - 11:55
4 - 0% - 0% - 0:00
PP Forward
1 - 56% - 60% - 8:40
2 - 44% - 40% - 6:53
PP Defense
1 - 59% - 60% - 9:07
2 - 41% - 40% - 6:26
PK Forward
1 - 79% - 60% - 3:08
2 - 21% - 40% - 0:50
PK Defense
1 - 61% - 60% - 2:25
2 - 39% - 40% - 1:33
PK3 Forward
1 - 0% - 60%
2 - 0% - 40%
PK3 Defense
1 - 0% - 60%
2 - 0% - 40%
44 Forward
1 - 0% - 60%
2 - 0% - 40%
44 Defense
1 - 0% - 60%
2 - 0% - 40%
Last Minute Offensive - 0:00
Last Minute Defensive - 1:14
Total
Forward - 60:00
Defense - 60:00
|
Play-by-Play
1st period
0:01 of 1st period - Colin Wilson wins face-off versus Bo Horvat in neutral zone.
0:21 of 1st period - Brady Skjei is hit by Evander Kane and loses puck.
0:40 of 1st period - Slapshot by Zach Werenski.
0:40 of 1st period - Shot Misses the Net.
0:56 of 1st period - Slapshot by Brady Skjei.
0:56 of 1st period - Shot Blocked by Tyler Benson.
0:58 of 1st period - Snap shot by Matthew Tkachuk.
0:58 of 1st period - Shot Blocked by John Klingberg.
1:02 of 1st period - Wrist shot by Matthew Tkachuk.
1:02 of 1st period - Shot Misses the Net.
1:04 of 1st period - Snap shot by Anze Kopitar.
1:04 of 1st period - Shot Misses the Net.
1:06 of 1st period - Wrist shot by Matthew Tkachuk.
1:06 of 1st period - Stopped by Kristers Gudlevskis without a rebound.
1:07 of 1st period - Jacob De La Rose wins face-off versus Patrice Cormier in Maple Leafs zone.
1:11 of 1st period - Minor Penalty to Nicholas Baptiste for Delaying the game.
1:12 of 1st period - Patrice Cormier wins face-off versus Colin Wilson in Maple Leafs zone.
2:57 of 1st period - John Tavares is hit by Haydn Fleury and loses puck.
3:11 of 1st period - Penalty to Nicholas Baptiste is over, Nicholas Baptiste is back on ice.
3:29 of 1st period - Pontus Aberg is hit by Zac Rinaldo and loses puck.
3:37 of 1st period - Icing by Sam Bennett.
3:38 of 1st period - Anze Kopitar wins face-off versus Elias Pettersson in Maple Leafs zone.
4:55 of 1st period - Snap shot by David Pastrnak.
4:55 of 1st period - Shot Blocked by Jon Merrill.
4:57 of 1st period - Slapshot by Brady Skjei.
4:57 of 1st period - Shot Blocked by Sam Bennett.
4:59 of 1st period - Slapshot by Brady Skjei.
4:59 of 1st period - Shot Blocked by Jon Merrill.
5:11 of 1st period - Slapshot by Sam Bennett.
5:11 of 1st period - Stopped by Ondrej Pavelec without a rebound.
5:12 of 1st period - Bo Horvat wins face-off versus Jacob De La Rose in Canadiens zone.
5:17 of 1st period - Wrist shot by Evander Kane.
5:17 of 1st period - Shot Misses the Net.
5:23 of 1st period - Slapshot by Quinn Hughes.
5:23 of 1st period - Stopped by Kristers Gudlevskis without a rebound.
5:24 of 1st period - Colin Wilson wins face-off versus Andre Burakovsky in Maple Leafs zone.
5:29 of 1st period - Wrist shot by David Pastrnak.
5:29 of 1st period - Deflect By Colin Wilson.
5:29 of 1st period - Shot Blocked by Bo Horvat.
5:29 of 1st period - Puck is out of play.
5:30 of 1st period - Colin Wilson wins face-off versus Bo Horvat in Maple Leafs zone.
5:31 of 1st period - Wrist shot by Chris Kreider.
5:31 of 1st period - Shot Hit the Post.
5:33 of 1st period - Minor Penalty to Zach Werenski for Interference.
5:34 of 1st period - Patrice Cormier wins face-off versus Colin Wilson in Maple Leafs zone.
5:47 of 1st period - Slapshot by David Pastrnak.
5:47 of 1st period - Goal by David Pastrnak - Maple Leafs : 0 - Canadiens : 1.
5:48 of 1st period - Bo Horvat wins face-off versus Colin Wilson in neutral zone.
6:11 of 1st period - Minor Penalty to Andre Burakovsky for Cross-checking.
6:12 of 1st period - Patrice Cormier wins face-off versus Colin Wilson in Maple Leafs zone.
6:29 of 1st period - Slapshot by Brady Skjei.
6:29 of 1st period - Shot Blocked by Jon Merrill.
6:53 of 1st period - Snap shot by John Tavares.
6:53 of 1st period - Stopped by Kristers Gudlevskis with a rebound.
6:55 of 1st period - Slapshot by John Tavares.
6:55 of 1st period - Shot Misses the Net.
8:11 of 1st period - Penalty to Andre Burakovsky is over, Andre Burakovsky is back on ice.
8:48 of 1st period - Icing by Jason Zucker.
8:49 of 1st period - John Tavares wins face-off versus Elias Pettersson in Maple Leafs zone.
9:12 of 1st period - Snap shot by Derick Brassard.
9:12 of 1st period - Shot Blocked by Andre Burakovsky.
9:44 of 1st period - Snap shot by Chris Kreider.
9:44 of 1st period - Shot Misses the Net.
9:50 of 1st period - Wrist shot by Sam Bennett.
9:50 of 1st period - Shot Blocked by Brady Skjei.
9:52 of 1st period - Slapshot by Luke Schenn.
9:52 of 1st period - Shot Blocked by John Tavares.
10:20 of 1st period - Nicolas Hague is hit by Zach Werenski and loses puck.
10:39 of 1st period - Snap shot by Nicholas Baptiste.
10:39 of 1st period - Shot Blocked by Nicolas Hague.
11:21 of 1st period - Slapshot by Quinn Hughes.
11:21 of 1st period - Stopped by Kristers Gudlevskis without a rebound.
11:22 of 1st period - Anze Kopitar wins face-off versus Elias Pettersson in Maple Leafs zone.
11:25 of 1st period - Snap shot by Derick Brassard.
11:25 of 1st period - Goal by Derick Brassard - Maple Leafs : 0 - Canadiens : 2.
11:26 of 1st period - Evander Kane wins face-off versus Chris Kreider in neutral zone.
11:40 of 1st period - Backhand shot by Brady Skjei.
11:40 of 1st period - Stopped by Kristers Gudlevskis with a rebound.
11:48 of 1st period - Minor Penalty to Jon Merrill for Hooking.
11:49 of 1st period - Patrice Cormier wins face-off versus Colin Wilson in Maple Leafs zone.
11:54 of 1st period - Snap shot by Ben Smith.
11:54 of 1st period - Shot Misses the Net.
12:00 of 1st period - Brendan Guhle is hit by Chris Kreider and loses puck.
12:19 of 1st period - Slapshot by Quinn Hughes.
12:19 of 1st period - Stopped by Kristers Gudlevskis with a rebound.
12:21 of 1st period - Slapshot by John Tavares.
12:21 of 1st period - Shot Misses the Net.
12:31 of 1st period - Brady Skjei is hit by Sam Bennett and loses puck.
12:56 of 1st period - Wrist shot by John Tavares.
12:56 of 1st period - Shot Misses the Net.
12:58 of 1st period - Slapshot by William Nylander.
12:58 of 1st period - Stopped by Kristers Gudlevskis without a rebound.
12:59 of 1st period - Patrice Cormier wins face-off versus Chris Kreider in Maple Leafs zone.
13:48 of 1st period - Penalty to Jon Merrill is over, Jon Merrill is back on ice.
14:17 of 1st period - Anze Kopitar is hit by Ben Smith and loses puck.
15:25 of 1st period - Wrist shot by Bo Horvat.
15:25 of 1st period - Goal by Bo Horvat - Maple Leafs : 1 - Canadiens : 2.
15:26 of 1st period - Colin Wilson wins face-off versus Bo Horvat in neutral zone.
15:37 of 1st period - Slapshot by Evander Kane.
15:37 of 1st period - Deflect By Brady Skjei.
15:37 of 1st period - Shot Blocked by Brady Skjei.
15:37 of 1st period - Puck is out of play.
15:38 of 1st period - Andre Burakovsky wins face-off versus Colin Wilson in Canadiens zone.
15:45 of 1st period - Snap shot by Evander Kane.
15:45 of 1st period - Stopped by Ondrej Pavelec with a rebound.
15:47 of 1st period - Wrist shot by Jon Merrill.
15:47 of 1st period - Stopped by Ondrej Pavelec without a rebound.
15:48 of 1st period - Colin Wilson wins face-off versus Bo Horvat in Canadiens zone.
15:53 of 1st period - Zach Werenski is hit by David Pastrnak and loses puck.
16:01 of 1st period - Slapshot by Jon Merrill.
16:01 of 1st period - Shot Blocked by Filip Hronek.
16:03 of 1st period - Snap shot by Evander Kane.
16:03 of 1st period - Stopped by Ondrej Pavelec with a rebound.
16:05 of 1st period - Wrist shot by Zach Werenski.
16:05 of 1st period - Shot Blocked by Chris Kreider.
16:07 of 1st period - Slapshot by Jon Merrill.
16:07 of 1st period - Shot Blocked by David Pastrnak.
16:09 of 1st period - Snap shot by Bo Horvat.
16:09 of 1st period - Stopped by Ondrej Pavelec without a rebound.
16:10 of 1st period - Elias Pettersson wins face-off versus Anthony Cirelli in Canadiens zone.
16:15 of 1st period - Backhand shot by Elias Pettersson.
16:15 of 1st period - Shot Blocked by Anthony Cirelli.
16:37 of 1st period - Andre Burakovsky is hit by Chris Kreider.
17:54 of 1st period - Wrist shot by Jason Zucker.
17:54 of 1st period - Shot Misses the Net.
18:10 of 1st period - Snap shot by Luke Schenn.
18:10 of 1st period - Goal by Luke Schenn - Maple Leafs : 2 - Canadiens : 2.
18:11 of 1st period - Anze Kopitar wins face-off versus Bo Horvat in neutral zone.
18:25 of 1st period - Snap shot by Evander Kane.
18:25 of 1st period - Shot Misses the Net.
18:27 of 1st period - Slapshot by Haydn Fleury.
18:27 of 1st period - Shot Misses the Net.
19:24 of 1st period - Nicolas Hague is hit by Luke Schenn and loses puck.
Goals for this period are 2 for Maple Leafs vs 2 for Canadiens.
Shots for this period are 7 for Maple Leafs vs 9 for Canadiens.
2nd period
0:01 of 2nd period - Elias Pettersson wins face-off versus John Tavares in neutral zone.
0:40 of 2nd period - David Pastrnak is hit by Zach Werenski and loses puck.
1:17 of 2nd period - Minor Penalty to Brandon Saad for Tripping.
1:18 of 2nd period - Colin Wilson wins face-off versus Patrice Cormier in Maple Leafs zone.
3:17 of 2nd period - Penalty to Brandon Saad is over, Brandon Saad is back on ice.
3:33 of 2nd period - Slapshot by Matthew Tkachuk.
3:33 of 2nd period - Shot Blocked by Brandon Saad.
3:45 of 2nd period - Quinn Hughes is hit by Luke Schenn and loses puck.
4:06 of 2nd period - Quinn Hughes is hit by Brandon Saad.
5:06 of 2nd period - Jeff Schultz is hit by Evander Kane and loses puck.
5:17 of 2nd period - William Nylander is hit by Jason Zucker and loses puck.
5:30 of 2nd period - Snap shot by Zac Rinaldo.
5:30 of 2nd period - Stopped by Kristers Gudlevskis without a rebound.
5:31 of 2nd period - Jacob De La Rose wins face-off versus Sam Bennett in Maple Leafs zone.
6:05 of 2nd period - Slapshot by Evander Kane.
6:05 of 2nd period - Shot Misses the Net.
6:20 of 2nd period - Wrist shot by John Tavares.
6:20 of 2nd period - Shot Blocked by Elias Pettersson.
6:22 of 2nd period - Slapshot by Anthony Cirelli.
6:22 of 2nd period - Shot Misses the Net.
6:24 of 2nd period - Slapshot by Filip Hronek.
6:24 of 2nd period - Stopped by Kristers Gudlevskis with a rebound.
6:26 of 2nd period - Slapshot by John Tavares.
6:26 of 2nd period - Shot Misses the Net.
6:52 of 2nd period - Snap shot by Brandon Saad.
6:52 of 2nd period - Stopped by Ondrej Pavelec with a rebound.
7:12 of 2nd period - Michael Matheson is hit by Bo Horvat and loses puck.
7:43 of 2nd period - Slapshot by Jacob De La Rose.
7:43 of 2nd period - Shot Misses the Net.
9:04 of 2nd period - Minor Penalty to Luke Schenn for Cross-checking.
9:05 of 2nd period - Patrice Cormier wins face-off versus Colin Wilson in Maple Leafs zone.
9:36 of 2nd period - Anthony Cirelli is hit by Haydn Fleury and loses puck.
10:30 of 2nd period - Minor Penalty to Sam Bennett for Slashing.
10:31 of 2nd period - Colin Wilson wins face-off versus Evander Kane in Maple Leafs zone.
10:34 of 2nd period - Slapshot by Chris Kreider.
10:34 of 2nd period - Shot Blocked by John Klingberg.
10:36 of 2nd period - Slapshot by Colin Wilson.
10:36 of 2nd period - Stopped by Kristers Gudlevskis with a rebound.
10:38 of 2nd period - Snap shot by Chris Kreider.
10:38 of 2nd period - Shot Misses the Net.
10:40 of 2nd period - Slapshot by Brady Skjei.
10:40 of 2nd period - Stopped by Kristers Gudlevskis with a rebound.
10:42 of 2nd period - Wrist shot by Chris Kreider.
10:42 of 2nd period - Shot Blocked by Brendan Guhle.
10:44 of 2nd period - Slapshot by Brady Skjei.
10:44 of 2nd period - Shot Misses the Net.
10:46 of 2nd period - Snap shot by Chris Kreider.
10:46 of 2nd period - Shot Blocked by Brendan Guhle.
10:48 of 2nd period - Slapshot by Quinn Hughes.
10:48 of 2nd period - Deflect By David Pastrnak.
10:48 of 2nd period - Stopped by Kristers Gudlevskis without a rebound.
10:49 of 2nd period - Evander Kane wins face-off versus John Tavares in Maple Leafs zone.
11:04 of 2nd period - Penalty to Luke Schenn is over, Luke Schenn is back on ice.
12:30 of 2nd period - Penalty to Sam Bennett is over, Sam Bennett is back on ice.
13:00 of 2nd period - Zach Werenski is hit by Josh Anderson and loses puck.
13:11 of 2nd period - Wrist shot by Zac Rinaldo.
13:11 of 2nd period - Stopped by Kristers Gudlevskis without a rebound.
13:12 of 2nd period - Colin Wilson wins face-off versus Bo Horvat in Maple Leafs zone.
13:19 of 2nd period - Snap shot by Colin Wilson.
13:19 of 2nd period - Stopped by Kristers Gudlevskis with a rebound.
13:21 of 2nd period - Slapshot by Jeff Schultz.
13:21 of 2nd period - Stopped by Kristers Gudlevskis with a rebound.
13:46 of 2nd period - Slapshot by Andre Burakovsky.
13:46 of 2nd period - Shot Misses the Net.
13:48 of 2nd period - Snap shot by Evander Kane.
13:48 of 2nd period - Stopped by Ondrej Pavelec without a rebound.
13:49 of 2nd period - Sam Bennett wins face-off versus Colin Wilson in Canadiens zone.
13:50 of 2nd period - Wrist shot by Pontus Aberg.
13:50 of 2nd period - Stopped by Ondrej Pavelec with a rebound.
13:52 of 2nd period - Wrist shot by Pontus Aberg.
13:52 of 2nd period - Shot Blocked by Colin Wilson.
13:54 of 2nd period - Snap shot by Pontus Aberg.
13:54 of 2nd period - Stopped by Ondrej Pavelec with a rebound.
13:56 of 2nd period - Snap shot by Tyler Benson.
13:56 of 2nd period - Shot Misses the Net.
13:58 of 2nd period - Wrist shot by Tyler Benson.
13:58 of 2nd period - Stopped by Ondrej Pavelec without a rebound.
13:59 of 2nd period - Colin Wilson wins face-off versus Sam Bennett in Canadiens zone.
14:06 of 2nd period - Snap shot by David Pastrnak.
14:06 of 2nd period - Stopped by Kristers Gudlevskis without a rebound.
14:07 of 2nd period - Colin Wilson wins face-off versus Bo Horvat in Maple Leafs zone.
14:18 of 2nd period - Wrist shot by David Pastrnak.
14:18 of 2nd period - Shot Misses the Net.
14:39 of 2nd period - Matthew Tkachuk is hit by Evander Kane and loses puck.
15:00 of 2nd period - Snap shot by Evander Kane.
15:00 of 2nd period - Stopped by Ondrej Pavelec without a rebound.
15:01 of 2nd period - Colin Wilson wins face-off versus Elias Pettersson in Canadiens zone.
15:07 of 2nd period - Minor Penalty to Chris Kreider for Holding.
15:08 of 2nd period - Elias Pettersson wins face-off versus Anze Kopitar in Canadiens zone.
15:43 of 2nd period - Snap shot by John Klingberg.
15:43 of 2nd period - Stopped by Ondrej Pavelec without a rebound.
15:44 of 2nd period - Bo Horvat wins face-off versus Anze Kopitar in Canadiens zone.
15:55 of 2nd period - Wrist shot by Andre Burakovsky.
15:55 of 2nd period - Shot Blocked by Brady Skjei.
17:07 of 2nd period - Penalty to Chris Kreider is over, Chris Kreider is back on ice.
17:17 of 2nd period - Sam Bennett is hit by David Pastrnak and loses puck.
17:22 of 2nd period - Wrist shot by Chris Kreider.
17:22 of 2nd period - Stopped by Kristers Gudlevskis without a rebound.
17:23 of 2nd period - Patrice Cormier wins face-off versus John Tavares in Maple Leafs zone.
17:30 of 2nd period - Slapshot by Brendan Guhle.
17:30 of 2nd period - Shot Misses the Net.
17:36 of 2nd period - Snap shot by Nicholas Baptiste.
17:36 of 2nd period - Stopped by Ondrej Pavelec without a rebound.
17:37 of 2nd period - Andre Burakovsky wins face-off versus Colin Wilson in Canadiens zone.
18:06 of 2nd period - Snap shot by Zach Werenski.
18:06 of 2nd period - Stopped by Ondrej Pavelec without a rebound.
18:07 of 2nd period - John Tavares wins face-off versus Elias Pettersson in Canadiens zone.
18:24 of 2nd period - Snap shot by John Tavares.
18:24 of 2nd period - Shot Misses the Net.
18:26 of 2nd period - Slapshot by Jeff Schultz.
18:26 of 2nd period - Shot Misses the Net.
18:28 of 2nd period - Slapshot by William Nylander.
18:28 of 2nd period - Shot Misses the Net.
18:30 of 2nd period - Snap shot by Quinn Hughes.
18:30 of 2nd period - Shot Blocked by Jason Zucker.
18:44 of 2nd period - Wrist shot by Brady Skjei.
18:44 of 2nd period - Shot Misses the Net.
19:35 of 2nd period - Wrist shot by Elias Pettersson.
19:35 of 2nd period - Shot Hit the Post.
19:37 of 2nd period - Slapshot by John Klingberg.
19:37 of 2nd period - Shot Misses the Net.
19:39 of 2nd period - Slapshot by John Klingberg.
19:39 of 2nd period - Shot Blocked by William Nylander.
Goals for this period are 0 for Maple Leafs vs 0 for Canadiens.
Shots for this period are 9 for Maple Leafs vs 10 for Canadiens.
3rd period
0:01 of 3rd period - Bo Horvat wins face-off versus Colin Wilson in neutral zone.
0:37 of 3rd period - Slapshot by Elias Pettersson.
0:37 of 3rd period - Stopped by Ondrej Pavelec with a rebound.
0:57 of 3rd period - Snap shot by John Tavares.
0:57 of 3rd period - Shot Misses the Net.
0:59 of 3rd period - Slapshot by Jeff Schultz.
0:59 of 3rd period - Shot Misses the Net.
1:19 of 3rd period - Wrist shot by Zac Rinaldo.
1:19 of 3rd period - Shot Misses the Net.
1:34 of 3rd period - Snap shot by Andre Burakovsky.
1:34 of 3rd period - Stopped by Ondrej Pavelec with a rebound.
1:36 of 3rd period - Slapshot by Zach Werenski.
1:36 of 3rd period - Stopped by Ondrej Pavelec without a rebound.
1:37 of 3rd period - Bo Horvat wins face-off versus Colin Wilson in Canadiens zone.
1:46 of 3rd period - Backhand shot by Evander Kane.
1:46 of 3rd period - Shot Misses the Net.
1:48 of 3rd period - Slapshot by Haydn Fleury.
1:48 of 3rd period - Shot Misses the Net.
2:00 of 3rd period - Minor Penalty to Chris Kreider for High sticking.
2:01 of 3rd period - Anze Kopitar wins face-off versus Bo Horvat in Canadiens zone.
2:17 of 3rd period - Anze Kopitar is hit by John Klingberg and loses puck.
3:56 of 3rd period - Slapshot by Brady Skjei.
3:56 of 3rd period - Stopped by Kristers Gudlevskis with a rebound.
3:58 of 3rd period - Wrist shot by Brady Skjei.
3:58 of 3rd period - Stopped by Kristers Gudlevskis with a rebound.
4:00 of 3rd period - Penalty to Chris Kreider is over, Chris Kreider is back on ice.
4:00 of 3rd period - Slapshot by Anthony Cirelli.
4:00 of 3rd period - Shot Blocked by Ben Smith.
4:02 of 3rd period - Slapshot by Michael Matheson.
4:02 of 3rd period - Shot Misses the Net.
4:22 of 3rd period - Icing by Anthony Cirelli.
4:23 of 3rd period - Anthony Cirelli wins face-off versus Sam Bennett in Canadiens zone.
5:14 of 3rd period - Snap shot by Anthony Cirelli.
5:14 of 3rd period - Stopped by Kristers Gudlevskis with a rebound.
5:16 of 3rd period - Snap shot by Anthony Cirelli.
5:16 of 3rd period - Goal by Anthony Cirelli - Maple Leafs : 2 - Canadiens : 3.
5:17 of 3rd period - Bo Horvat wins face-off versus Zac Rinaldo in neutral zone.
5:22 of 3rd period - Wrist shot by Andre Burakovsky.
5:22 of 3rd period - Deflect By Bo Horvat.
5:22 of 3rd period - Shot Blocked by Jeff Schultz.
5:22 of 3rd period - Puck is out of play.
5:23 of 3rd period - Bo Horvat wins face-off versus Jacob De La Rose in Canadiens zone.
5:51 of 3rd period - Minor Penalty to Elias Pettersson for High sticking.
5:52 of 3rd period - Chris Kreider wins face-off versus Patrice Cormier in Maple Leafs zone.
7:51 of 3rd period - Penalty to Elias Pettersson is over, Elias Pettersson is back on ice.
7:54 of 3rd period - Icing by Elias Pettersson.
7:55 of 3rd period - Derick Brassard wins face-off versus Patrice Cormier in Maple Leafs zone.
8:22 of 3rd period - Zac Rinaldo is hit by Jon Merrill and loses puck.
10:56 of 3rd period - Jon Merrill is hit by John Tavares and loses puck.
11:36 of 3rd period - Snap shot by Chris Kreider.
11:36 of 3rd period - Stopped by Kristers Gudlevskis without a rebound.
11:37 of 3rd period - Colin Wilson wins face-off versus Bo Horvat in Maple Leafs zone.
11:49 of 3rd period - Off-side.
11:50 of 3rd period - Derick Brassard wins face-off versus Bo Horvat in neutral zone.
11:55 of 3rd period - Wrist shot by Derick Brassard.
11:55 of 3rd period - Shot Misses the Net.
12:17 of 3rd period - William Nylander is hit by Jason Zucker and loses puck.
12:22 of 3rd period - Wrist shot by Elias Pettersson.
12:22 of 3rd period - Stopped by Ondrej Pavelec without a rebound.
12:23 of 3rd period - Elias Pettersson wins face-off versus Colin Wilson in Canadiens zone.
12:34 of 3rd period - Snap shot by Jason Zucker.
12:34 of 3rd period - Stopped by Ondrej Pavelec without a rebound.
12:35 of 3rd period - Bo Horvat wins face-off versus Anze Kopitar in Canadiens zone.
13:02 of 3rd period - Filip Hronek is hit by Tyler Benson and loses puck.
13:09 of 3rd period - Slapshot by Tyler Benson.
13:09 of 3rd period - Deflect By Pontus Aberg.
13:09 of 3rd period - Stopped by Ondrej Pavelec with a rebound.
13:11 of 3rd period - Slapshot by Sam Bennett.
13:11 of 3rd period - Shot Misses the Net.
13:13 of 3rd period - Slapshot by Luke Schenn.
13:13 of 3rd period - Shot Misses the Net.
13:15 of 3rd period - Slapshot by Pontus Aberg.
13:15 of 3rd period - Stopped by Ondrej Pavelec without a rebound.
13:16 of 3rd period - John Tavares wins face-off versus Bo Horvat in Canadiens zone.
13:23 of 3rd period - Slapshot by Anthony Cirelli.
13:23 of 3rd period - Deflect By John Tavares.
13:23 of 3rd period - Stopped by Kristers Gudlevskis with a rebound.
13:31 of 3rd period - Snap shot by Andre Burakovsky.
13:31 of 3rd period - Shot Blocked by Nicolas Hague.
13:33 of 3rd period - Snap shot by Bo Horvat.
13:33 of 3rd period - Deflect By Andre Burakovsky.
13:33 of 3rd period - Stopped by Ondrej Pavelec with a rebound.
13:46 of 3rd period - Minor Penalty to Luke Schenn for Roughing.
13:47 of 3rd period - Colin Wilson wins face-off versus Patrice Cormier in Maple Leafs zone.
14:00 of 3rd period - Slapshot by David Pastrnak.
14:00 of 3rd period - Deflect By Chris Kreider.
14:00 of 3rd period - Stopped by Kristers Gudlevskis with a rebound.
14:02 of 3rd period - Slapshot by Quinn Hughes.
14:02 of 3rd period - Shot Misses the Net.
14:14 of 3rd period - Ben Smith is hit by Anthony Cirelli and loses puck.
14:23 of 3rd period - Slapshot by Brady Skjei.
14:23 of 3rd period - Stopped by Kristers Gudlevskis with a rebound.
14:25 of 3rd period - Wrist shot by Quinn Hughes.
14:25 of 3rd period - Stopped by Kristers Gudlevskis without a rebound.
14:26 of 3rd period - Sam Bennett wins face-off versus Colin Wilson in Maple Leafs zone.
14:51 of 3rd period - Snap shot by Evander Kane.
14:51 of 3rd period - Stopped by Ondrej Pavelec without a rebound.
14:52 of 3rd period - Patrice Cormier wins face-off versus William Nylander in Canadiens zone.
15:42 of 3rd period - Sam Bennett is hit by Filip Hronek and loses puck.
15:46 of 3rd period - Penalty to Luke Schenn is over, Luke Schenn is back on ice.
16:25 of 3rd period - Matthew Tkachuk is hit by Jon Merrill and loses puck.
16:44 of 3rd period - Colin Wilson is hit by Zach Werenski and loses puck.
17:05 of 3rd period - Josh Anderson is hit by Brandon Saad and loses puck.
17:14 of 3rd period - Jacob De La Rose is hit by Luke Schenn and loses puck.
18:39 of 3rd period - Icing by Brendan Guhle.
18:40 of 3rd period - Derick Brassard wins face-off versus Bo Horvat in Maple Leafs zone.
18:45 of 3rd period - Wrist shot by Derick Brassard.
18:45 of 3rd period - Deflect By Anze Kopitar.
18:45 of 3rd period - Shot Misses the Net.
18:45 of 3rd period - Puck is out of play.
18:46 of 3rd period - Peter DeBoer call a timeout for Maple Leafs.
18:46 of 3rd period - Bo Horvat wins face-off versus Anze Kopitar in Maple Leafs zone.
18:46 of 3rd period - Bo Horvat is hit by Brady Skjei.
18:56 of 3rd period - Snap shot by Chris Kreider.
18:56 of 3rd period - Stopped by Kristers Gudlevskis with a rebound.
19:20 of 3rd period - Chris Kreider is hit by Andre Burakovsky and loses puck.
19:23 of 3rd period - Maple Leafs, Kristers Gudlevskis is pulled from the net.
19:33 of 3rd period - Snap shot by Evander Kane.
19:33 of 3rd period - Stopped by Ondrej Pavelec with a rebound.
19:35 of 3rd period - Slapshot by Haydn Fleury.
19:35 of 3rd period - Shot Blocked by Filip Hronek.
19:37 of 3rd period - Slapshot by Haydn Fleury.
19:37 of 3rd period - Shot Misses the Net.
19:41 of 3rd period - Wrist shot by Bo Horvat.
19:41 of 3rd period - Shot Blocked by Filip Hronek.
19:43 of 3rd period - Slapshot by Haydn Fleury.
19:43 of 3rd period - Shot Blocked by Anze Kopitar.
19:45 of 3rd period - Slapshot by Brendan Guhle.
19:45 of 3rd period - Deflect By Brady Skjei.
19:45 of 3rd period - Stopped by Ondrej Pavelec with a rebound.
19:47 of 3rd period - Wrist shot by Andre Burakovsky.
19:47 of 3rd period - Stopped by Ondrej Pavelec without a rebound.
19:48 of 3rd period - Bo Horvat wins face-off versus Anze Kopitar in Canadiens zone.
19:58 of 3rd period - Snap shot by Bo Horvat.
19:58 of 3rd period - Shot Misses the Net.
Goals for this period are 0 for Maple Leafs vs 1 for Canadiens.
Shots for this period are 12 for Maple Leafs vs 10 for Canadiens.